Myth, chaotic male orcish Barbarian ------- --- ----------- |..... . |.........+ #|...-------- .---- |....<....|##########....|+++| .|------.|..| |..........###### #|...|+++| .|..@..|.|.. | |.........| # |...|...--||..@(.|.-|-- ---.. |.........| |...-|---..|.....|....---+-....| |.........+ |..........|.....|.............+ ----------- |........{.-----|-.{...........| ...............(..(....[.......| |...-|---.......%...-+----+- | |...|...--------)---- |...|(((| |)-. |...|(((| +.|..| |...----- -.---- |... . ----- --- Myth the Bandit Experience level: 8 Strength: 18/01 Dexterity: 17 Constitution: 18 Intelligence: 8 Wisdom: 8 Charisma: 6 Health: 0(64) Energy: 20(20) AC: -3 Gold: 834 Moves: 4955 Your Inventory: Coins $ - 834 gold pieces Weapons a - an uncursed rusty +0 battle-axe (weapon in hands) t - 17 cursed [+0] darts J - an [uncursed +0] elven dagger (in quiver) Armor z - a blessed +2 cloak called Magic Resist [of magic resistance] (being worn) E - an uncursed +0 dwarvish iron helm (being worn) F - a blessed +0 dwarvish mithril-coat (being worn) G - an uncursed +0 pair of iron shoes (being worn) Comestibles d - 3 uncursed food rations e - an uncursed orange v - an uncursed clove of garlic w - an uncursed apple C - an uncursed banana K - an [uncursed] lembas wafer Q - a cursed [stale] egg T - 2 [uncursed] tripe rations Scrolls g - a cursed scroll labeled HAPAX LEGOMENON [of identify] h - an uncursed scroll labeled HAPAX LEGOMENON [of identify] P - a cursed scroll labeled THARR [of enchant weapon] W - an [uncursed] scroll labeled ZELGO MER [of fire] Y - an [uncursed] scroll labeled VERR YED HORRE [of create monster] Spellbooks U - an [uncursed] spiral-bound spellbook [of cause fear] Potions f - an uncursed viscous potion [of speed] l - an uncursed clear potion [of water] n - a cursed indigo potion [of invisibility] B - a cursed sky blue potion [of sleeping] M - a cursed silver potion [of levitation] Rings N - an [uncursed] opal ring [of warning] Wands H - an [uncursed] wand of magic missile [0:2] Tools m - an uncursed leash I - 3 [uncursed wax] candles L - an [uncursed +0] pick-axe O - an [uncursed] glass orb [(crystal ball) (0:4)] R - an [uncursed] partly used [tallow] candle (0:69) S - an [uncursed] brass lantern V - an [uncursed] bag [sack] X - 2 [uncursed tallow] candles Spells known in the end: Name Level Category Fail Memory Your skills at the end: Fighting Skills bare handed combat [Basic / Master] Weapon Skills axe [Skilled / Expert] short sword [Basic / Expert] Spellcasting Skills Final Attributes: You were piously aligned. Hunger level was 490. Your alignment was 34 / 34. Monster difficulty range was 1 - 7. Level difficulty was 6. You were immune to poison. You were magic-protected. You were telepathic. You had infravision. You were fast. You were lucky (2). You are dead. Vanquished creatures: a small mimic a lizard 2 housecats 2 soldier ants 2 fog clouds a yellow light 2 shriekers 4 gnome lords 2 gnomish wizards a straw golem 5 giant ants 5 floating eyes 7 dwarves 2 rothes a rabid rat a centipede a giant bat 2 orc zombies a werejackal 4 iguanas 2 killer bees 3 acid blobs 2 hobbits 2 giant rats 2 cave spiders a brown mold 4 yellow molds a red mold 36 gnomes 4 garter snakes 2 geckos a jackal 2 foxes 2 kobolds a goblin 4 sewer rats 4 grid bugs 2 lichens a kobold zombie 6 newts 129 creatures vanquished. Voluntary challenges: You were illiterate. You used a wielded weapon 125 times. You put on armor 5 times. You never genocided any monsters. You never polymorphed an object. You never changed form. You used no wishes. You never wrote Elbereth's name. You never encountered a bones level. You never used any Sokoban shortcuts. Dungeon overview: The Dungeons of Doom: levels 1 to 5 Level 1 a fountain a long staircase Level 2 (cape to buy - $159) an armor shop stairs to The Gnomish Mines Level 3 a fountain, a sink Level 4 an altar, some fountains Level 5 a fountain The Gnomish Mines: levels 3 to 6 Level 3 stairs to The Dungeons of Doom Level 6 <- You were here some shops, a temple to Set, a magic chest, some fountains History has recorded: On T:1 you entered the Dungeons of Doom to retrieve the Amulet of Yendor! On T:517 you reached level 2 of The Dungeons of Doom. On T:619 you advanced to experience level 2. On T:713 you advanced to experience level 3. On T:752 you advanced to experience level 4. On T:983 you reached level 5 of The Dungeons of Doom. On T:1043 you reached level 4 of The Dungeons of Doom. On T:1123 you advanced to experience level 5. On T:1890 you advanced to experience level 6. On T:2220 you reached level 3 of The Dungeons of Doom. On T:3262 you reached level 1 of The Gnomish Mines. On T:3346 you advanced to experience level 7. On T:4296 you reached level 2 of The Gnomish Mines. On T:4422 you advanced to experience level 8. On T:4767 you reached level 3 of The Gnomish Mines. On T:4854 you reached level 4 of The Gnomish Mines. Latest messages: You feel the power of Set increase. The altar glows black. The priestess of Mitra gets angry! Your movements are only slowed slightly by your load. The priestess of Mitra wields a mace! The mace welds itself to the priestess of Mitra's hand! The priestess of Mitra kicks! The priestess of Mitra casts a spell at you! You feel as if you need some help. You feel a malignant aura surround you. Your egg glows with a black aura. Your scroll labeled THARR glows with a black aura. Your silver potion glows with a black aura. [HP-1=62] You smite the priestess of Mitra! The priestess of Mitra swings her mace. The priestess of Mitra hits! The priestess of Mitra kicks! The priestess of Mitra points at you, then curses. [HP-40=22] You smite the priestess of Mitra! The priestess of Mitra swings her mace. The priestess of Mitra hits! You die... Final status: Goodbye Myth the Barbarian... You died in The Gnomish Mines on dungeon level 6 with 4969 points, and 834 pieces of gold, after 4955 moves. You were level 8 with a maximum of 64 hit points when you died.